Map: Roskalian ER

Players

blackstar

  • Race: Protoss Protoss
  • Spawn Location: 12:00

protoss

  • Race: Terran Terran
  • League: Platinum
  • Spawn Location: 11:00

Legol - Winner!

  • Race: Protoss Protoss
  • League: Platinum
  • Spawn Location: 6:00

nyulman - Winner!

  • Race: Protoss Protoss
  • Spawn Location: 5:00

VOD

Have the link to the VOD?

Description

Time

  • Played on: Jan. 10, 2020, 4:37 p.m.
  • Length: 19:55
Show
View Real Time Build Order
Export as new Build Order

blackstar Protoss 

Build Orders: Zealot Archon, Dark Templar Rush 

Get SALT Encoding   

  12  0:01  Probe (Chrono Boost)  
  13  0:10  Probe (Chrono Boost)  
  14  0:15  Probe (Chrono Boost)  
  15  0:29  Pylon  
  15  0:41  Assimilator  
  15  0:47  Probe  
  15  0:48  Gateway  
  16  0:59  Probe  
  16  1:01  Assimilator  
  17  1:11  Probe  
  18  1:22  Gateway  
  18  1:23  Probe  
  19  1:32  Pylon  
  19  1:35  Probe, Zealot  
  22  1:47  Probe  
  23  1:56  Cybernetics Core  
  23  2:05  Probe  
  24  2:27  Warp Gate (Chrono Boost)  
  24  2:33  Stalker x2  
  28  2:38  Twilight Council  
  28  2:50  Forge  
  28  3:02  Stalker  
  28  3:04  Pylon  
  30  3:18  Dark Shrine  
  30  3:22  Stalker  
  30  3:25  Photon Cannon  
  32  3:44  Photon Cannon  
  32  4:03  Stalker x2  
  36  4:11  Pylon  
  36  4:30  Dark Templar x2  
  40  4:51  Nexus  
  40  5:07  Stalker x2  
  44  5:17  Pylon  
  44  5:35  Gateway  
  44  5:36  Gateway  
  38  6:14  Blink (Chrono Boost)  
  38  6:19  Protoss Ground Weapons Level 1 (Chrono Boost)  
  38  6:23  Stalker x2  
  38  6:29  Probe (Chrono Boost)  
  39  6:39  Probe (Chrono Boost)  
  40  6:44  Probe (Chrono Boost)  
  40  6:45  Photon Cannon  
  40  6:46  Stalker x2  
  45  6:50  Dark Templar  
  47  6:57  Dark Templar  
  47  7:00  Probe  
  50  7:02  Probe  
  51  7:10  Archon  
  51  7:13  Probe  
  51  7:14  Probe  
  53  7:26  Stalker x2  
  57  7:30  Probe  
  57  7:33  Assimilator  
  58  7:42  Assimilator  
  58  7:43  Stalker  
  60  7:45  Stalker  
  62  7:54  Probe  
  62  7:57  Stalker  
  65  8:07  Stalker  
  65  8:09  Probe (Chrono Boost), Protoss Shields Level 1 (Chrono Boost)  
  65  8:12  Probe (Chrono Boost)  
  69  8:19  Shield Battery  
  69  8:22  Probe (Chrono Boost)  
  58  8:52  Stalker x3  
  58  8:53  Dark Templar  
  53  9:14  Probe (Chrono Boost)  
  54  9:23  Probe (Chrono Boost)  
  55  9:27  Stalker x2  
  55  9:28  Probe (Chrono Boost)  
  55  9:30  Shield Battery  
  60  9:40  Probe  
  61  9:52  Stalker x2  
  65  10:01  Nexus  
  65  10:10  Protoss Ground Armor Level 1 (Chrono Boost)  
  65  10:11  Robotics Facility  
  65  10:14  Stalker  
  65  10:15  Stalker  
  69  10:39  Pylon  
  69  10:41  Pylon  
  69  11:00  Stalker x3  
  69  11:03  Stalker  
  77  11:09  Immortal  
  65  11:48  Stalker x3, Observer  
  72  11:56  Shield Battery  
  72  11:58  Shield Battery  
  72  11:59  Photon Cannon  
  72  12:00  Stalker  
  74  12:13  Gateway  
  74  12:15  Gateway  
  74  12:17  Stalker x2  
  78  12:25  Pylon  
  77  12:55  Pylon, Cybernetics Core  
  77  13:00  Pylon  
  65  13:30  Pylon  
  65  13:32  Pylon  
  65  13:43  Probe (Chrono Boost)  
  52  13:48  Stalker  
  52  13:49  Stalker x2  
  34  14:21  Nexus  
  34  14:24  Pylon  
  34  14:36  Pylon  
  34  14:45  Gateway  
  34  14:52  Stargate  
  34  14:53  Stargate  
  34  15:01  Assimilator  
  34  15:03  Cybernetics Core  
  34  15:12  Pylon  
  34  15:22  Stargate  
  33  15:36  Void Ray  
  33  15:37  Void Ray  
  41  15:44  Probe  
  42  15:56  Probe  
  43  15:57  Forge  
  43  16:07  Pylon  
  47  16:25  Pylon  
  42  16:43  Stargate  
  42  16:45  Stargate  
  41  17:00  Void Ray (Chrono Boost)  
  31  17:08  Void Ray (Chrono Boost)  
  30  17:39  Void Ray (Chrono Boost)  
  34  17:44  Void Ray (Chrono Boost)  
  38  18:46  Void Ray x2  
Show
View Real Time Build Order
Export as new Build Order

protoss Terran 

Build Orders: 1/1/1 

Get SALT Encoding   

  12  0:04  SCV  
  13  0:16  SCV  
  14  0:23  Supply Depot  
  14  0:26  Refinery  
  14  0:30  SCV  
  15  0:44  SCV  
  15  0:49  Barracks  
  16  0:57  SCV  
  17  1:02  Refinery  
  17  1:09  SCV  
  18  1:21  SCV  
  19  1:33  SCV  
  19  1:39  Factory  
  20  1:45  Orbital Command  
  20  2:18  Command Center  
  20  2:24  Starport  
  20  2:27  Factory Tech Lab  
  20  2:38  Supply Depot  
  20  2:40  SCV  
  21  2:52  SCV  
  22  3:02  Fusion Core  
  22  3:03  Starport Tech Lab  
  22  3:04  SCV  
  23  3:08  Siege Tank  
  26  3:16  SCV  
  27  3:21  Supply Depot  
  27  3:28  SCV  
  27  3:32  SCV  
  29  3:40  SCV  
  30  3:44  Engineering Bay  
  30  3:58  Battlecruiser  
  36  4:07  Refinery  
  36  4:08  SCV x2  
  38  4:16  Missile Turret  
  38  4:20  SCV  
  38  4:21  Siege Tank  
  42  4:24  SCV  
  43  4:32  SCV  
  43  4:37  Refinery  
  43  4:38  Barracks Tech Lab  
  44  4:43  SCV  
  44  4:44  SCV  
  46  4:55  Missile Turret  
  46  4:56  Missile Turret, SCV x2  
  48  5:08  SCV  
  49  5:27  Marine  
  50  5:41  Command Center  
  50  5:45  Marine  
  50  5:47  Supply Depot  
  51  5:52  Supply Depot  
  51  5:54  Supply Depot  
  51  5:56  Orbital Command  
  51  6:02  Stimpack  
  51  6:03  Marine  
  52  6:09  Battlecruiser  
  58  6:20  Supply Depot  
  58  6:21  Supply Depot, Marine  
  58  6:23  Terran Infantry Weapons Level 1  
  59  6:28  SCV  
  59  6:29  SCV  
  61  6:39  Marine  
  62  6:41  SCV  
  62  6:43  SCV  
  62  6:45  Supply Depot  
  64  6:50  Barracks  
  64  6:53  SCV  
  65  6:55  SCV  
  65  6:57  Barracks  
  66  7:03  Barracks  
  66  7:07  Siege Tank  
  69  7:16  Planetary Fortress  
  69  7:19  SCV x2  
  71  7:31  SCV x2  
  73  7:42  Combat Shield  
  73  7:43  SCV  
  74  7:44  Battlecruiser, Marine  
  81  8:08  Missile Turret  
  81  8:10  Missile Turret x3  
  75  8:15  Barracks Reactor x3  
  75  8:17  Terran Infantry Armor Level 1  
  75  8:19  SCV x2  
  72  8:20  SCV  
  72  8:31  Missile Turret, SCV x2  
  72  8:32  Missile Turret, SCV  
  72  8:33  Missile Turret  
  75  8:37  Marine  
  76  8:43  SCV  
  76  8:44  SCV  
  78  8:48  Armory  
  78  8:53  Armory  
  78  8:55  Marine  
  79  8:56  Engineering Bay, Battlecruiser  
  79  8:58  Marine x4  
  79  8:59  Marine x2  
  91  9:12  Marine  
  91  9:16  Marine  
  93  9:20  Marine x4  
  93  9:21  Marine  
  98  9:30  Marine  
  99  9:34  Marine  
  99  9:38  Marine x5  
  96  9:40  Missile Turret  
  96  9:41  Missile Turret  
  96  9:42  Missile Turret x2  
  96  9:43  Missile Turret  
  96  9:44  Terran Infantry Weapons Level 2  
  99  9:48  Marine, Terran Ship Weapons Level 1  
  99  9:49  Terran Vehicle And Ship Armor Level 1  
  99  9:51  Marine  
  101  9:56  Marine x5  
  106  10:06  Marine  
  107  10:09  Marine  
  107  10:11  Barracks, Hi-Sec Auto Tracking  
  107  10:13  Marine x2  
  107  10:14  Marine x3  
  110  10:17  Barracks  
  113  10:24  Marine  
  113  10:27  Marine  
  115  10:31  Battlecruiser, Marine x2  
  117  10:56  Supply Depot  
  117  11:00  Supply Depot x2  
  117  11:05  Command Center  
  117  11:17  Marine x5  
  117  11:18  Marine x2  
  124  11:20  Supply Depot  
  124  11:24  Barracks Reactor x2, Supply Depot  
  124  11:25  Supply Depot  
  109  11:35  Marine x7  
  109  11:39  Battlecruiser  
  102  11:50  Supply Depot  
  102  11:51  Terran Vehicle And Ship Armor Level 2, Terran Ship Weapons Level 2, Starport  
  102  11:53  Starport, Marine x7  
  109  11:56  Terran Infantry Armor Level 2  
  109  12:11  Marine x8  
  109  12:12  Marine x3  
  120  12:20  Planetary Fortress  
  120  12:21  SCV x2  
  122  12:29  Marine x9  
  124  12:30  Marine x2  
  127  12:44  Starport Tech Lab x2  
  127  12:47  Marine x10  
  127  12:48  Marine  
  138  12:57  SCV  
  138  12:58  SCV x3  
  142  13:04  Marine x7  
  142  13:05  Terran Infantry Weapons Level 3, Marine x4  
  151  13:09  SCV  
  151  13:10  SCV x3  
  157  13:22  Marine x7  
  157  13:23  Marine x4  
  168  13:32  Battlecruiser x2  
  180  13:40  Marine x8  
  188  13:55  Missile Turret  
  188  13:58  Missile Turret  
  188  13:59  Missile Turret  
  188  14:03  Marine  
  188  14:05  Marine x2  
  188  14:07  Terran Vehicle Weapons Level 1  
  188  14:10  Marine  
  188  14:15  Missile Turret  
  188  14:17  Marine  
  188  14:18  Missile Turret, Marine  
  188  14:19  Marine  
  188  14:20  Marine  
  188  14:23  Marine  
  188  14:24  Marine x2  
  188  14:25  Marine x3  
  188  14:28  Viking, Marine  
  185  14:34  Marine  
  185  14:36  Battlecruiser, Marine  
  185  14:37  Marine  
  185  14:38  Marine  
  184  14:39  Battlecruiser  
  184  14:41  Marine  
  184  14:42  Marine x3  
  184  14:43  Marine x2  
  186  14:46  Marine  
  186  14:52  Marine  
  188  15:01  Missile Turret x2  
  188  15:02  Missile Turret x2  
  188  15:04  Missile Turret  
  188  15:20  Supply Depot, Marine  
  188  15:22  Marine x4  
  188  15:23  Supply Depot, Marine x3  
  188  15:24  Supply Depot, Marine x2  
  188  15:25  Marine  
  170  15:38  Marine  
  170  15:39  Marine  
  170  15:40  Battlecruiser, Marine x4  
  170  15:41  Marine x2  
  170  15:42  Marine x2  
  185  15:43  Marine  
  185  15:48  Supply Depot  
  187  15:56  Marine  
  188  15:57  Marine x2  
  188  15:58  Marine x3  
  188  15:59  Marine x2  
  188  16:00  Marine x2  
  188  16:01  Marine  
  188  16:03  Command Center  
  198  16:13  Marine  
  198  16:15  Marine  
  200  16:46  Marine  
  188  17:18  Missile Turret, Marine x2  
  188  17:19  Missile Turret x3, Marine x6  
  188  17:20  Missile Turret, Marine x2  
  188  17:21  Missile Turret x2  
  156  17:33  Missile Turret x2  
  156  17:34  Missile Turret x2  
  156  17:36  Marine x3  
  156  17:37  Missile Turret x2, Marine x6  
  150  17:38  Marine  
  130  17:54  Marine x2  
  130  17:55  Marine x2  
  123  18:12  Marine x2  
  117  18:13  Marine x2  
  117  18:21  Barracks  
  117  18:23  Barracks x2  
  106  18:27  Barracks  
  106  18:28  Barracks  
  106  18:29  Barracks, Supply Depot  
  106  18:30  Supply Depot, Marine x2  
  106  18:31  Marine x2  
  106  18:32  Barracks  
  106  18:33  Supply Depot  
  88  18:34  Supply Depot  
  88  18:35  Barracks  
  71  18:48  Marine  
  68  18:53  Supply Depot  
  65  19:10  Marine x4  
  46  19:28  Marine x4  
  30  19:43  Barracks Reactor  
  30  19:44  Barracks Reactor  
Show
View Real Time Build Order
Export as new Build Order

Legol Protoss - Winner!

Build Orders: 1 Gate Expand, Blink Stalkers 

Get SALT Encoding   

  12  0:01  Probe  
  13  0:13  Probe  
  14  0:18  Pylon  
  14  0:25  Probe  
  15  0:37  Probe (Chrono Boost)  
  15  0:39  Gateway  
  16  0:49  Probe (Chrono Boost)  
  17  0:54  Probe (Chrono Boost), Assimilator  
  18  1:03  Probe  
  19  1:15  Probe  
  20  1:28  Probe  
  21  1:43  Nexus  
  21  1:44  Cybernetics Core  
  21  1:51  Pylon, Probe (Chrono Boost)  
  23  2:02  Probe (Chrono Boost), Assimilator  
  23  2:07  Probe (Chrono Boost)  
  24  2:21  Warp Gate  
  24  2:22  Stalker  
  26  2:25  Probe  
  27  2:32  Gateway  
  27  2:37  Probe  
  27  2:41  Twilight Council  
  28  2:49  Probe  
  29  2:53  Stalker  
  31  3:02  Pylon  
  32  3:05  Probe  
  32  3:06  Probe  
  33  3:13  Blink (Chrono Boost)  
  33  3:17  Probe  
  33  3:18  Probe  
  35  3:24  Stalker  
  37  3:30  Probe  
  37  3:31  Probe  
  39  3:42  Robotics Facility  
  39  3:43  Probe x2  
  39  3:45  Stalker  
  43  3:55  Probe (Chrono Boost)  
  45  3:58  Probe (Chrono Boost)  
  45  4:00  Pylon  
  45  4:07  Probe (Chrono Boost)  
  45  4:09  Gateway  
  47  4:11  Probe (Chrono Boost)  
  47  4:13  Pylon  
  47  4:16  Probe  
  47  4:19  Probe  
  47  4:24  Stalker x2  
  51  4:28  Probe  
  51  4:31  Observer (Chrono Boost)  
  55  4:40  Probe, Gateway  
  55  4:41  Probe  
  55  4:43  Assimilator, Gateway  
  57  4:45  Pylon  
  57  4:50  Assimilator  
  57  4:57  Shield Battery  
  57  5:00  Stalker x2  
  57  5:05  Shield Battery  
  53  5:23  Stalker x3  
  51  5:49  Stalker x5  
  54  6:23  Probe (Chrono Boost)  
  51  6:29  Probe (Chrono Boost)  
  52  6:33  Stalker, Probe (Chrono Boost)  
  52  6:34  Stalker  
  52  6:37  Probe (Chrono Boost)  
  52  6:38  Probe (Chrono Boost)  
  52  6:39  Observer (Chrono Boost)  
  59  6:48  Probe  
  60  7:00  Probe  
  61  7:05  Probe (Chrono Boost)  
  62  7:12  Probe (Chrono Boost)  
  65  7:23  Probe x2 (Chrono Boost)  
  65  7:28  Probe (Chrono Boost)  
  67  7:30  Probe (Chrono Boost)  
  67  7:31  Forge  
  62  7:38  Probe  
  62  7:50  Probe (Chrono Boost)  
  61  8:02  Probe (Chrono Boost)  
  62  8:09  Pylon  
  62  8:14  Pylon  
  62  8:27  Probe  
  62  8:30  Photon Cannon  
  63  8:39  Probe  
  64  8:51  Probe  
  45  9:06  Stalker x3  
  43  9:27  Photon Cannon  
  43  9:31  Stalker x3  
  42  9:46  Photon Cannon  
  42  9:49  Photon Cannon  
  42  9:51  Pylon  
  42  10:01  Photon Cannon  
  42  10:08  Nexus  
  42  10:10  Pylon  
  42  10:13  Warp Prism  
  44  10:22  Probe (Chrono Boost)  
  45  10:31  Probe (Chrono Boost)  
  45  10:33  Stalker x2  
  50  10:38  Probe (Chrono Boost)  
  52  10:46  Probe (Chrono Boost)  
  52  10:47  Probe (Chrono Boost)  
  53  10:53  Probe (Chrono Boost)  
  53  10:56  Probe (Chrono Boost)  
  55  11:04  Probe (Chrono Boost)  
  56  11:07  Probe (Chrono Boost)  
  56  11:08  Stalker, Probe (Chrono Boost)  
  56  11:09  Stalker x3  
  59  11:58  Stalker x2  
  59  11:59  Stalker x3  
  59  12:00  Nexus  
  69  12:03  Pylon  
  69  12:06  Assimilator  
  69  12:10  Assimilator  
  69  12:13  Pylon  
  69  12:32  Probe (Chrono Boost)  
  69  12:33  Probe (Chrono Boost)  
  72  12:44  Probe (Chrono Boost)  
  72  12:45  Probe (Chrono Boost)  
  72  12:46  Protoss Ground Weapons Level 1 (Chrono Boost)  
  72  12:47  Stalker x3  
  72  12:48  Stalker x2  
  83  12:55  Probe (Chrono Boost)  
  83  12:56  Probe (Chrono Boost)  
  85  13:08  Probe x2 (Chrono Boost), Gateway  
  85  13:10  Gateway  
  88  13:12  Probe (Chrono Boost)  
  88  13:13  Gateway  
  88  13:16  Pylon  
  89  13:23  Probe (Chrono Boost)  
  89  13:48  Dark Shrine  
  89  13:49  Probe x3  
  92  13:56  Immortal  
  92  14:01  Probe x3  
  99  14:07  Stalker x5  
  99  14:08  Stalker  
  69  14:49  Stalker x6  
  69  14:50  Stalker x2  
  85  15:12  Warp Prism  
  87  15:23  Dark Templar x2  
  87  15:24  Dark Templar x2  
  85  15:37  Stalker x6  
  97  15:57  Robotics Bay  
  97  15:59  Protoss Ground Weapons Level 2 (Chrono Boost)  
  97  16:08  Photon Cannon  
  97  16:09  Stalker x3  
  97  16:10  Stalker x5  
  113  16:12  Photon Cannon  
  113  16:40  Stalker x2  
  113  16:41  Stalker  
  105  16:55  Stalker x5  
  115  17:02  Disruptor (Chrono Boost)  
  91  17:23  Stalker x3  
  91  17:24  Stalker x5  
  37  17:47  Stalker  
  37  17:48  Stalker x4  
  19  18:55  Nexus  
Show
View Real Time Build Order
Export as new Build Order

nyulman Protoss - Winner!

Build Orders: Forge Fast Expand (FFE), Carriers 

Get SALT Encoding   

  12  0:02  Probe (Chrono Boost)  
  13  0:11  Probe (Chrono Boost)  
  14  0:16  Probe (Chrono Boost)  
  15  0:24  Pylon  
  15  0:46  Forge  
  15  1:02  Pylon  
  15  1:16  Nexus  
  15  1:22  Probe (Chrono Boost)  
  16  1:31  Probe (Chrono Boost)  
  17  1:35  Pylon  
  17  1:36  Probe (Chrono Boost)  
  18  1:44  Gateway  
  18  1:49  Assimilator  
  18  1:59  Photon Cannon  
  18  2:07  Assimilator  
  18  2:11  Probe (Chrono Boost)  
  19  2:21  Probe (Chrono Boost)  
  20  2:25  Photon Cannon  
  20  2:26  Probe (Chrono Boost)  
  21  2:36  Cybernetics Core  
  21  2:38  Probe (Chrono Boost)  
  22  2:49  Probe (Chrono Boost)  
  24  2:56  Probe (Chrono Boost)  
  25  2:58  Probe (Chrono Boost)  
  25  3:03  Probe (Chrono Boost)  
  27  3:05  Probe  
  27  3:14  Photon Cannon  
  27  3:15  Probe  
  27  3:17  Probe, Assimilator  
  29  3:27  Stargate, Probe (Chrono Boost)  
  30  3:39  Probe (Chrono Boost)  
  31  3:42  Photon Cannon  
  31  3:45  Probe (Chrono Boost)  
  32  3:50  Probe (Chrono Boost)  
  34  3:59  Probe (Chrono Boost)  
  34  4:01  Probe (Chrono Boost)  
  35  4:05  Probe (Chrono Boost)  
  35  4:06  Probe (Chrono Boost)  
  35  4:08  Pylon  
  37  4:12  Assimilator  
  37  4:18  Probe  
  37  4:23  Fleet Beacon  
  38  4:30  Pylon  
  38  4:34  Pylon  
  38  4:35  Probe (Chrono Boost)  
  39  4:42  Protoss Air Weapons Level 1 (Chrono Boost)  
  40  4:46  Shield Battery  
  40  4:47  Probe (Chrono Boost)  
  40  4:52  Pylon, Probe (Chrono Boost)  
  40  4:58  Probe  
  42  5:05  Stargate  
  42  5:06  Pylon  
  42  5:10  Probe  
  42  5:12  Carrier (Chrono Boost)  
  49  5:26  Photon Cannon  
  49  5:32  Photon Cannon  
  49  5:57  Photon Cannon  
  49  5:58  Carrier (Chrono Boost)  
  49  5:59  Photon Cannon  
  61  6:10  Carrier (Chrono Boost)  
  61  6:13  Shield Battery  
  61  6:18  Pylon  
  61  6:22  Photon Cannon  
  61  6:27  Photon Cannon  
  61  6:38  Stargate  
  61  6:39  Pylon  
  61  6:47  Robotics Facility  
  61  6:59  Protoss Air Armor Level 1 (Chrono Boost)  
  67  7:03  Carrier (Chrono Boost)  
  67  7:19  Nexus  
  79  7:32  Carrier (Chrono Boost)  
  79  7:35  Carrier (Chrono Boost)  
  79  7:56  Carrier (Chrono Boost)  
  85  8:27  Pylon  
  85  8:29  Pylon  
  85  8:36  Carrier  
  85  8:37  Carrier  
  97  8:49  Probe (Chrono Boost)  
  98  8:56  Assimilator  
  98  8:59  Probe (Chrono Boost)  
  98  9:01  Assimilator  
  99  9:04  Probe (Chrono Boost)  
  99  9:05  Photon Cannon  
  99  9:06  Photon Cannon  
  99  9:09  Photon Cannon  
  100  9:11  Photon Cannon  
  100  9:15  Probe  
  101  9:20  Protoss Air Weapons Level 2 (Chrono Boost)  
  101  9:28  Probe  
  102  9:40  Carrier (Chrono Boost)  
  114  9:48  Carrier (Chrono Boost)  
  114  9:59  Carrier (Chrono Boost)  
  120  10:09  Shield Battery  
  120  10:12  Shield Battery  
  120  10:13  Pylon  
  120  10:15  Probe  
  120  10:16  Photon Cannon  
  120  10:19  Photon Cannon  
  121  10:27  Probe (Chrono Boost)  
  122  10:38  Probe (Chrono Boost)  
  122  10:41  Pylon  
  123  10:43  Pylon, Probe (Chrono Boost)  
  123  10:44  Carrier (Chrono Boost), Pylon  
  123  10:45  Pylon  
  123  10:46  Pylon  
  136  11:09  Carrier (Chrono Boost)  
  124  11:42  Carrier (Chrono Boost)  
  136  11:53  Carrier (Chrono Boost)  
  136  12:00  Protoss Air Weapons Level 3 (Chrono Boost)  
  136  12:01  Photon Cannon  
  136  12:04  Photon Cannon  
  136  12:07  Shield Battery  
  136  12:09  Probe  
  136  12:11  Shield Battery  
  137  12:21  Probe  
  144  12:23  Carrier (Chrono Boost)  
  144  12:33  Probe  
  145  13:34  Mothership (Chrono Boost)  
  145  13:38  Carrier (Chrono Boost)  
  145  13:40  Carrier x2 (Chrono Boost)  
  159  14:21  Protoss Shields Level 1 (Chrono Boost)  
  159  14:39  Carrier x3 (Chrono Boost)  
  159  14:40  Protoss Air Armor Level 2 (Chrono Boost)  
  177  14:53  Pylon  
  177  14:55  Pylon  
  177  15:41  Carrier  
  177  15:42  Carrier x2  
  195  15:54  Nexus  
  195  15:56  Pylon  
  195  15:58  Pylon  
  195  16:00  Pylon  
  195  16:02  Pylon  
  155  19:38  Photon Cannon  
Tags
 
Add a new tag
Caveats
  • Supply blocks, unpowered buildings, or Contaminate may cause inaccurate times.
  • Supply counts are checked every 10 seconds.